 Dungeon Crawl Stone Soup version 0.28.0-53-g5a82cb258f (webtiles) character file.

Game seed: 387809571034949636

88 Zeld the Gusty (level 4, -8/24 HPs)
             Began as a Tengu Air Elementalist on June 7, 2022.
             Killed by divine providence
             ... invoked by an orc priest
              (11 damage)
             ... on level 4 of the Dungeon.
             The game lasted 00:01:58 (2069 turns).

Zeld the Gusty (Tengu Air Elementalist)             Turns: 2069, Time: 00:01:59

Health: -8/24      AC:  3    Str:  9    XL:     4   Next: 53%
Magic:  15/18      EV: 12    Int: 17    God:
Gold:   5          SH:  0    Dex: 14    Spells: 2/8 levels left

rFire   . . .      SeeInvis .   (no weapon)
rCold   . . .      Faith    .   (no shield)
rNeg    . . .      Spirit   .   a - +0 robe
rPois   .          Reflect  .   (helmet restricted)
rElec   .          Harm     .   (no cloak)
rCorr   .          Rampage  .   j - +0 pair of gloves
Will    .....                   (boots unavailable)
Stlth   ++........              d - amulet of magic regeneration
HPRegen 0.08/turn               i - ring of magical power
MPRegen 0.56/turn               (no ring)

@: no status effects
A: beak, talons 3
a: no special abilities


You were on level 4 of the Dungeon.
You visited 1 branch of the dungeon, and saw 4 of its levels.

You collected 5 gold pieces.

Inventory:

Armour
 a - a +0 robe (worn)
 j - a +0 pair of gloves (worn)
Jewellery
 d - an amulet of magic regeneration (around neck)
 i - a ring of magical power (left hand)
Scrolls
 b - a scroll of teleportation {unknown}
 c - a scroll of vulnerability {unknown}
Potions
 e - a potion of lignification {unknown}
 f - a potion of invisibility {unknown}
 g - a potion of curing {unknown}
 h - a potion of heal wounds {unknown}
 k - a potion of resistance {unknown}


   Skills:
 + Level 2.7 Dodging
 + Level 2.5 Stealth
 * Level 2.8 Spellcasting
 + Level 2.4 Conjurations
 * Level 5.0 Air Magic


You had 2 spell levels left.
You knew the following spells:

 Your Spells              Type           Power      Damage    Failure   Level
a - Shock                 Conj/Air       60%        1d6       3%          1
b - Static Discharge      Conj/Air       15%        N/A       6%          2
c - Swiftness             Air            19%        N/A       7%          3

Your spell library contained the following spells:

 Spells                   Type           Power      Damage    Failure   Level
 Airstrike                Air            9%         N/A       22%         4


Dungeon Overview and Level Annotations

Branches:
Dungeon (4/15)
 Temple: D:4-7

Altars:

Shops:
D:3 :


Innate Abilities, Weirdness & Mutations

You have a beak for a mouth.
You have claws for feet.


Message History

The zap misses the orc.
The zap hits the orc.
The orc is almost dead.
The zap hits the orc.
You kill the orc!
The zap hits the orc priest.
The orc priest is lightly wounded.
The zap misses the orc priest.
An orc priest comes into view. It is wielding a +0 dagger.
The orc priest mumbles some strange prayers to Beogh against you.
Beogh smites you!
Ouch! That really hurt!
The orc priest moves out of view.
You hear a shout!
You are too injured to fight recklessly!
Unknown command.
Casting: Shock (safe; 3% risk of failure)
Confirm with . or Enter, or press ? or * to list all spells.
Aiming: Shock (safe; 3% risk of failure)
Press: ? - help, Shift-Dir - straight line, f/p - orc priest
Aim: an orc priest, wielding a +0 hand axe and wearing a +0 leather armour (lightly wounded, 71% to hit)
The zap hits the orc priest.
The orc priest is lightly wounded.
Unknown command.
Casting: Shock (safe; 3% risk of failure)
Confirm with . or Enter, or press ? or * to list all spells.
Aiming: Shock (safe; 3% risk of failure)
Press: ? - help, Shift-Dir - straight line, f/p - orc priest
Aim: an orc priest, wielding a +0 hand axe and wearing a +0 leather armour (lightly wounded, 71% to hit)
The zap hits the orc priest.
The orc priest is moderately wounded.
The zap hits the orc priest.
The orc priest is moderately wounded.
The orc priest invokes the aid of Beogh against you.
Beogh smites you!
* * * LOW HITPOINT WARNING * * *
You hear a shout! x2
The orc priest calls down the wrath of Beogh upon you.
Beogh smites you!
You die...

#...................#..
#......##..#........#.#
#......................
######.##############.#
########.........
#...#.#
.........########
#.#.#.# ########.#
#.#.#.#.#
#.########.#.#.#.#
#@.............#.#
#........#.#.).#.#
....................<#.#
.######.######.#.##..#.#
#o# #.#...... #.# #
#.>.#.# #.# #..##.# ..#
#..##.# .o. .....#.#


You could see an orc priest.

Vanquished Creatures
  An iguana (D:4)
  3 gnolls (D:3)
  An adder (D:3)
  A worm (D:3)
  An orc (D:4)
  A bat (D:1)
  3 endoplasms
  3 giant cockroaches
  4 goblins
  A quokka (D:3)
  2 ball pythons
  A frilled lizard (D:2)
  A rat (D:3)
23 creatures vanquished.

Vanquished Creatures (others)
  4 plants (D:2)
4 creatures vanquished.

Grand Total: 27 creatures vanquished

Notes
Turn   | Place    | Note
-------+----------+-------------------------------------------
     0 | D:1      | Zeld the Tengu Air Elementalist began the quest for the
                  | Orb.
     0 | D:1      | Reached XP level 1. HP: 10/10 MP: 4/4
    90 | D:1      | Found a faded altar of an unknown god.
   562 | D:2      | Reached XP level 2. HP: 15/15 MP: 4/6
   687 | D:3      | Learned a level 2 spell: Static Discharge
   983 | D:4      | Noticed a centaur
  1271 | D:3      | Found Huofoqy's Book Boutique.
  1355 | D:3      | Reached XP level 3. HP: 14/19 MP: 7/7
  1366 | D:3      | Learned a level 3 spell: Swiftness
  1590 | D:3      | Reached XP level 4. HP: 9/24 MP: 8/8
  1883 | D:4      | Reached skill level 5 in Air Magic
  2069 | D:4      | Killed from afar by an orc priest

Illustrated notes

Levels and vault maps discovered:
D:1:      minmay_arrival_three_doors, layout_basic, ebering_ecumenical_altar_box
D:2:      layout_loops_cross, serial_forest, infiniplex_forest_lined_room_2,
          infiniplex_forest_clump_long, infiniplex_forest_clump_diagonal,
          infiniplex_forest_straight_3, infiniplex_forest_corner_1,
          infiniplex_forest_lined_1, infiniplex_forest_lined_room_2
D:3:      layout_basic, serial_shops, nicolae_shop_stone
D:4:      layout_basic, dk_yredelemnul_ordeal, minitemple,
          minmay_manual_monstrance

Skill      XL: |  1  2  3  4 |
---------------+-------------+-----
Conjurations   | 2 |  2.4
Air Magic      | 5 |  5.0
Dodging        | |  2.7
Stealth        | |  2.5
Spellcasting   | |  2.8

Action                   |  1- 3 |  4- 6 || total
-------------------------+-------+-------++-------
Melee: Unarmed           |     1 |       ||     1
 Cast: Shock             |    44 |    16 ||    60
       Static Discharge  |     1 |     2 ||     3
Armor: Robe              |     3 |     2 ||     5
Dodge: Dodged            |    14 |     5 ||    19
